 Dungeon Crawl Stone Soup version 0.24.0-41-g2ae2f7f1be (webtiles) character file.

Game seed: 10088614920067175614, levelgen mode: deterministic

17 Gwanngwann the Grave Robber (level 2, 0/20 HPs)
             Began as a Ghoul Necromancer on Dec 13, 2019.
             Slain by an adder (3 damage)
             ... on level 2 of the Dungeon.
             The game lasted 00:08:08 (998 turns).

Gwanngwann the Grave Robber (Ghoul Necromancer)      Turns: 998, Time: 00:08:09

Health: 0/20       AC:  5    Str: 11    XL:     2   Next: 62%
Magic:  1/3        EV:  7    Int: 10    God:
Gold:   79         SH:  6    Dex:  9    Spells: 3/4 levels left

rFire    . . .     SeeInvis .   (no weapon)
rCold    + . .     Gourm    .   g - +0 shield
rNeg     + + +     Faith    .   d - +0 ring mail
rPois    ∞         Spirit   .   (no helmet)
rElec    .         Reflect  .   (no cloak)
rCorr    .         Harm     .   (no gloves)
MR       .....                  (no boots)
Stlth    +.........             (no amulet)
HPRegen  0.00/turn              (no ring)
MPRegen  0.08/turn              (no ring)

@: very slightly contaminated, rotting
A: rotting body, claws 1, carnivore, cold resistance 1, negative energy
resistance 3, inhibited regeneration, torment resistance, unbreathing
a: no special abilities


You were on level 2 of the Dungeon.
You were not hungry.

You visited 1 branch of the dungeon, and saw 2 of its levels.

You collected 79 gold pieces.

Inventory:

Missiles
 b - 7 boomerangs (quivered)
 h - 44 arrows
Armour
 a - a +0 robe
 d - a +0 ring mail (worn)
 g - a +0 shield (worn)
Jewellery
 f - an uncursed ring of positive energy
Scrolls
 e - a scroll of fog
 k - a scroll of fear {unknown}
 m - a scroll of remove curse {unknown}
 o - a scroll of identify
Potions
 i - a potion of flight {unknown}
 j - 2 potions of curing {unknown}
 l - 2 potions of ambrosia {unknown}
 n - a potion of might {unknown}
Comestibles
 c - 5 rations


   Skills:
 + Level 0.2 Fighting
 + Level 0.2 Armour
 + Level 2.1 Dodging
 + Level 2.2 Stealth
 + Level 0.2 Shields
 + Level 0.1 Unarmed Combat
 + Level 1.8 Spellcasting
 + Level 4.3 Necromancy


You had 3 spell levels left.
You knew the following spells:

 Your Spells              Type           Power        Failure   Level  Hunger
a - Pain                  Necr           #...         65%         1    ##.....

Your spell library contained the following spells:

 Spells                   Type           Power        Failure   Level  Hunger
 Animate Skeleton         Necr           N/A          65%         1    ##.....
 Vampiric Draining        Necr           #.........   95%         3    ####...
 Regeneration             Chrm/Necr      #.........   100%        3    ####...
 Animate Dead             Necr           N/A          100%        4    #####..


Dungeon Overview and Level Annotations

Branches:
Dungeon (2/15)

Altars:


Innate Abilities, Weirdness & Mutations

Your body is rotting away.
You thrive on raw meat.
You are immune to poison.
You have sharp fingernails.
You are carnivorous and can eat meat at any time.
Your flesh is cold resistant. (rC+)
You are immune to negative energy. (rN+++)
You do not regenerate when monsters are visible.
You are immune to unholy pain and torment.
You can survive without breathing.


Message History

The adder is severely wounded.
The adder barely misses you.
You barely miss the adder.
The adder is severely wounded.
You block the adder's attack.
You barely miss the adder.
The adder is severely wounded.
The adder bites you.
* * * LOW HITPOINT WARNING * * *
You block the adder's attack.
Casting: Pain (safe; 65% risk of failure)
Confirm with . or Enter, or press ? or * to list all spells.
Aiming: Pain (safe; 65% risk of failure)
Press: ? - help, Shift-Dir - straight line, f/p - adder
Aim: an adder (severely wounded, chance to defeat MR: 68%)
The adder writhes in agony.
The adder bites you but does no damage.
You closely miss the adder.
The adder is almost dead.
The adder bites you.
You die...

#. ########## #.#
#........# #.#
#.######.# #.# #.#
####.###.#
#.#######.###...@S...#
..............##.##.....
....#####.##..##.# .##.
...## #.##..##.# .. #.##
#.##....(# #. #.#
#......... #.#
#######.### #'## #.#
...## #.#


You could see an adder.

Vanquished Creatures
  2 leopard geckos (D:1)
  2 giant cockroaches (D:1)
  A hobgoblin (D:2)
  5 bats (D:1)
  A frilled lizard (D:1)
  2 kobolds (D:1)
  2 rats (D:1)
15 creatures vanquished.

Notes
Turn   | Place    | Note
-------+----------+-------------------------------------------
     0 | D:1      | Gwanngwann the Ghoul Necromancer began the quest for the
                  | Orb.
     0 | D:1      | Reached XP level 1. HP: 14/14 MP: 2/2
   233 | D:1      | Reached XP level 2. HP: 1/20 MP: 1/3
   998 | D:2      | Slain by an adder

Levels and vault maps discovered:
D:1:      tarquinn_simple_flora_water_f, layout_basic,
          corexii_hall_statues_deadend
D:2:      layout_loops_corners, makhleb_grotto_becter, uniq_crazy_yiuf_cottage

Skill      XL: |  1 |
---------------+----+-----
Dodging        | 2 |  2.1
Fighting       | |  0.2
Armour         | |  0.2
Stealth        | |  2.2
Shields        | |  0.2
Unarmed Combat | |  0.1
Spellcasting   | |  1.8
Necromancy     | |  4.3

Action                   || total
-------------------------++-------
Melee: Unarmed           ||    91
 Cast: Pain              ||     7
  Use: Scroll            ||     2
  Eat: Chunk             ||     7
Armor: Robe              ||     9
       Ring mail         ||    32
Dodge: Dodged            ||    62
Block: Shield            ||    32
